 Dungeon Crawl Stone Soup version 0.31-a0-1009-g454b1f1e0a (webtiles) character file.

Game seed: 8730851861743464566

5643 Avanven the Skirmisher (level 10, -3/59 (61) HPs)
             Began as a Tengu Hunter on Nov 15, 2023.
             Was a Believer of Okawaru.
             Slain by a wight
             ... wielding a +0 battleaxe of flaming
              (9 damage)
             ... on level 9 of the Dungeon.
             The game lasted 00:22:31 (9001 turns).

Avanven the Skirmisher (Tengu Hunter)               Turns: 9001, Time: 00:22:32

HP:   -3/59 (61)    AC:  4    Str: 11    XL:     10   Next: 74%
MP:   13/13         EV: 22    Int:  9    God:    Okawaru [**....]
Gold: 510           SH:  0    Dex: 23    Spells: 9/9 levels left

rFire   . . .        D - +0 longbow
rCold   . . .        (shield currently unavailable)
rNeg    + . .        c - +0 leather armour
rPois   .            (helmet restricted)
rElec   .            w - scarf {repulsion}
rCorr   +            p - +0 pair of gloves
SInv    .            (boots unavailable)
Will    .....        h - amulet of faith
Stlth   ++           g - ring of positive energy
HPRegen 0.29/turn    y - ring of resist corrosion
MPRegen 0.13/turn

%: repel missiles, acrobat, faith
@: flying, lightly drained
A: beak, talons 3, evasive flight, acrobatic
a: Renounce Religion, Heroism


You were on level 9 of the Dungeon.
You worshipped Okawaru.
Okawaru was pleased with you.
You visited 2 branches of the dungeon, and saw 10 of its levels.

You collected 510 gold pieces.

Inventory:

Hand Weapons
 D - a +0 longbow (weapon)
Missiles
 t - a throwing net
Armour
 c - a +0 leather armour (worn)
 m - a +1 cloak
 p - a +0 pair of gloves (worn)
 w - a scarf of repulsion (worn)
Jewellery
 g - a ring of positive energy (left hand)
 h - an amulet of faith (around neck)
 n - a ring of wizardry
 y - a ring of resist corrosion (right hand)
Wands
 e - a wand of mindburst (11)
 f - a wand of polymorph (7)
 j - a wand of flame (54)
 k - a wand of roots (13)
Scrolls
 a - 3 scrolls of blinking
 b - a scroll of butterflies
 u - a scroll of teleportation
 x - a scroll of enchant armour
 B - 2 scrolls of identify
 C - 2 scrolls of fog {unknown}
Potions
 d - 2 potions of attraction
 i - 2 potions of enlightenment
 l - a potion of curing
 o - a potion of lignification
 q - 2 potions of berserk rage
 r - a potion of brilliance {unknown}
 s - a potion of heal wounds {unknown}
 v - a potion of ambrosia {unknown}
 z - a potion of degeneration
 A - a potion of invisibility


   Skills:
 - Level 6.4 Fighting
 * Level 13.6 Ranged Weapons
 + Level 8.3 Dodging
 - Level 1.0 Stealth
 + Level 3.2 Invocations


You had 9 spell levels left.
You didn't know any spells.
Your spell library contained the following spells:

 Spells                   Type           Power      Damage    Failure   Level
 Slow                     Hex            0%         N/A       47%         1
 Blink                    Tloc           0%         N/A       63%         2
 Lesser Beckoning         Tloc           0%         N/A       63%         2
 Momentum Strike          Conj/Tloc      0%         3d8       63%         2
 Confusing Touch          Hex            0%         N/A       85%         3
 Gell's Gravitas          Tloc           0%         N/A       85%         3
 Inner Flame              Hex/Fire       0%         N/A       85%         3
 Sigil of Binding         Hex            0%         N/A       85%         3
 Teleport Other           Tloc           0%         N/A       85%         3
 Vampiric Draining        Necr           0%         2d6       85%         3
 Flame Wave               Conj/Fire      0%         2d4       99%         4
 Sticky Flame             Conj/Fire      0%         2d3       99%         4
 Dispersal                Tloc           0%         N/A       100%        6
 Summon Ice Beast         Ice/Summ       Unusable   N/A       N/A         4
 Summon Mana Viper        Hex/Summ       Unusable   N/A       N/A         5
 Monstrous Menagerie      Summ           Unusable   N/A       N/A         7

Dungeon Overview and Level Annotations

Branches:
Dungeon (9/15)             Temple (1/1) D:7            Lair (0/5) D:8
    Orc: D:9-12

Altars:
Ashenzari
Cheibriados
Dithmenos
Elyvilon
Fedhas
Gozag
Hepliaklqana
Kikubaaqudgha
Makhleb
Nemelex Xobeh
Okawaru
Qazlal
Ru
Sif Muna
Trog
Uskayaw
Vehumet
Wu Jian
Xom
Yredelemnul
The Shining One

Shops:
D:8 ([(

Portals:
Abyss: D:4

Annotations:
D:4 2 transporters, Drangen's ghost, novice SpHu
D:6 1 runed translucent door, Dwachs's ghost, novice OpSu
Temple 2 transporters


Innate Abilities, Weirdness & Mutations

You have a beak for a mouth.
You have claws for feet.
Your magical flight helps you evade attacks. (EV +4)
You can magically evade attacks while moving or waiting.


Message History

You kill the howler monkey!
Okawaru accepts your kill.
The wight hits you from afar with a +2 spear!
* * * LOW HITPOINT WARNING * * *
You partially resist.
You feel drained.
Unknown command.
You are too injured to fight recklessly!
The wight completely misses you.
Items here: ))) [ ††.
You shoot an arrow. The arrow hits the wight!
The wight is heavily damaged.
The wight closely misses you.
You shoot an arrow. The arrow hits the wight!!
You destroy the wight!
Okawaru accepts your kill.
A gnoll sergeant comes into view. It is wielding a +2 spear of venom.
A wight comes into view. It is wielding a +0 dire flail.
Items here: )) [[ ††.
The gnoll sergeant attacks as it pursues you!
The gnoll sergeant misses you.
A wight comes into view.
It is wielding a +0 battleaxe of flaming.
The wight completely misses you.
You shoot an arrow. The arrow barely misses the wight.
The wight hits you with a +0 battleaxe of flaming!
* * * LOW HITPOINT WARNING * * *
The wight burns you.
* * * LOW HITPOINT WARNING * * *
You shoot an arrow. The arrow hits the wight!
The wight is severely damaged.
The gnoll sergeant completely misses you.
The wight misses you.
You shoot an arrow. The arrow hits the wight.
The wight is severely damaged.
The gnoll sergeant hits you from afar with a +2 spear of venom!
* * * LOW HITPOINT WARNING * * *
The wight closely misses you.
You shoot an arrow. The arrow closely misses the wight.
The gnoll sergeant completely misses you.
The wight hits you with a +0 battleaxe of flaming!
You die...

#..)........ # #...# #..#
#.##........... # #...# #..#
#.##........... # #...# #..#
#.##........... # #...# #..#
#.##........... # #...# #..#
#.##..<........ # #...# #..#
#.##...........
####...#####..#####.##.....>.....
..............g.@z...............
#################################


You could see a gnoll sergeant and a wight.

Vanquished Creatures
  Pikel (D:7)
  Maggie (D:6)
  Sigmund (D:3)
  3 yaks (D:8)
  A wraith (D:8)
  3 wyverns (D:8)
  Eustachio (D:5)
  A basilisk (D:8)
  Menkaure (D:6)
  3 water moccasins
  Duvessa (D:7)
  An ice beast (D:7)
  An orc warrior (D:7)
  3 black bears
  An ogre (D:6)
  2 centaurs
  2 kobold brigands (D:8)
  3 bullfrogs
  4 scorpions
  4 wights (D:9)
  Dowan (D:7)
  6 killer bees
  4 howler monkeys (D:9)
  2 jellies
  3 orc priests
  2 gnoll boudas
  6 hounds
  6 iguanas
  4 orc wizards
  18 gnolls
  7 adders
  A white imp (D:6)
  2 ufetubi (D:7)
  2 worms
  25 orcs
  6 ball pythons
  8 endoplasms
  A giant cockroach (D:1)
  8 hobgoblins
  2 jackals (D:1)
  2 quokkas (D:1)
  4 bats
  7 goblins
  13 kobolds
  5 rats
183 creatures vanquished.

Notes
Turn   | Place    | Note
-------+----------+-------------------------------------------
     0 | D:1      | Avanven the Tengu Hunter began the quest for the Orb.
     0 | D:1      | Reached XP level 1. HP: 12/12 MP: 2/2
   247 | D:1      | Reached XP level 2. HP: 17/17 MP: 3/3
   260 | D:1      | Reached skill level 5 in Ranged Weapons
  1137 | D:2      | Reached XP level 3. HP: 21/21 MP: 4/4
  1337 | D:2      | Reached skill level 6 in Ranged Weapons
  1405 | D:2      | Reached XP level 4. HP: 26/26 MP: 5/5
  1695 | D:3      | Noticed Sigmund
  1943 | D:3      | Killed Sigmund
  1944 | D:3      | Reached skill level 8 in Ranged Weapons
  1944 | D:3      | Reached XP level 5. HP: 26/30 MP: 6/6
  1944 | D:3      | Reached XP level 6. HP: 30/35 MP: 7/7
  2292 | D:3      | Found a burning altar of Makhleb.
  2292 | D:3      | Noticed a balrug
  2874 | D:4      | Found a transporter.
  2938 | D:4      | Noticed a small abomination
  2939 | D:4      | Found a transporter.
  2949 | D:4      | Noticed a small abomination
  2973 | D:4      | Found a one-way gate to the infinite horrors of the Abyss.
  2973 | D:4      | Noticed Drangen's ghost (novice SpHu)
  2984 | D:4      | Noticed a black bear
  2999 | D:4      | Killed a black bear
  3062 | D:4      | Gained mutation: Your body sometimes deteriorates upon
                  | taking damage. [potion of mutation]
  3062 | D:4      | Gained mutation: You are covered in fur. (AC +1) [potion of
                  | mutation]
  3063 | D:4      | Lost mutation: You are covered in fur. (AC +1) [potion of
                  | mutation]
  3063 | D:4      | Lost mutation: Your body sometimes deteriorates upon taking
                  | damage. [potion of mutation]
  3069 | D:4      | Found a radiant altar of Vehumet.
  3190 | D:4      | Gained mutation: Your magical flight helps you evade
                  | attacks. (EV +4) [Tengu growth]
  3190 | D:4      | Reached XP level 7. HP: 40/40 MP: 8/8
  4056 | D:5      | Entered Level 5 of the Dungeon
  4069 | D:5      | Reached skill level 9 in Ranged Weapons
  4412 | D:5      | Reached XP level 8. HP: 22/47 MP: 9/9
  4723 | D:5      | Noticed Eustachio
  4738 | D:5      | Killed Eustachio
  4897 | D:5      | Reached skill level 10 in Ranged Weapons
  5500 | D:6      | Noticed Maggie
  5699 | D:6      | Noticed Menkaure
  5706 | D:6      | Killed Menkaure
  5707 | D:6      | Reached skill level 5 in Dodging
  5713 | D:6      | Found a runed translucent door.
  5731 | D:6      | Found the +6 shillelagh "Devastator" {shatter}
  5888 | D:6      | Killed Maggie
  5889 | D:6      | Reached skill level 5 in Fighting
  5889 | D:6      | Reached XP level 9. HP: 49/54 MP: 10/10
  6007 | D:6      | Reached skill level 11 in Ranged Weapons
  6332 | D:6      | Noticed Dwachs's ghost (novice OpSu)
  6419 | D:7      | Identified the +9 dire flail "Koijose" {pain, Dex+5}
  6518 | D:7      | Noticed Pikel
  6537 | D:7      | Killed Pikel
  6708 | D:7      | Reached skill level 12 in Ranged Weapons
  6846 | D:7      | Noticed Duvessa
  6846 | D:7      | Noticed Dowan
  6857 | D:7      | Killed Duvessa
  6860 | D:7      | Killed Dowan
  7123 | D:7      | Found a staircase to the Ecumenical Temple.
  7765 | Temple   | Found a transporter.
  7765 | Temple   | Found a transporter.
  7765 | Temple   | Found a transporter.
  7765 | Temple   | Found a transporter.
  7765 | Temple   | Entered the Ecumenical Temple
  7793 | Temple   | Became a worshipper of Warmaster Okawaru
  7979 | D:8      | Reached XP level 10. HP: 61/61 MP: 11/11
  7986 | D:8      | Reached skill level 1 in Invocations
  8002 | D:8      | Reached * piety under Okawaru
  8081 | D:8      | Found a staircase to the Lair.
  8121 | D:8      | Reached skill level 13 in Ranged Weapons
  8154 | D:8      | Reached ** piety under Okawaru
  8169 | D:8      | Found Umoecuel's Weapon Boutique.
  8308 | D:8      | Found Quefue's Antique Armour Shoppe.
  8310 | D:8      | Found Ketublo's Weapon Emporium.
  9001 | D:9      | Slain by a wight

Illustrated notes

Levels and vault maps discovered:
D:1:      orjb1_clovarrival, layout_basic
D:2:      layout_basic, minivault_25, chequers_garden
D:3:      layout_loops_ring, makhleb_altar_promises_db, minivault_5,
          kennysheep_minor_cross, uniq_sigmund
D:4:      layout_loops_corners, vehumet_crystals,
          gammafunk_ghost_abyssal_escape, minmay_misc_feat_chi
D:5:      layout_loops_corners, moated_statue, uniq_eustachio
D:6:      layout_basic, ebering_ghost_reflecting_pool, uniq_maggie,
          uniq_menkaure
D:7:      layout_loops_corners, minmay_temple_entry_antechambers, uniq_pikel,
          uniq_duvessa
D:8:      layout_gridville, minmay_lair_entry_grove, serial_shops, shop, shop,
          shop
D:9:      layout_long_grid, erik_orc_1
Temple:   hellmonk_temple_divided_pantheon

Skill      XL: |  1  2  3  4  5  6  7  8  9 10 |
---------------+-------------------------------+-----
Ranged Weapons | 5 6 8 9 10 12 13 | 13.6
Dodging        | 4 5 7 8 |  8.3
Fighting       | 3 5 6 |  6.4
Invocations    | 3 |  3.2
Stealth        | |  1.0

Action                     |  1- 3 |  4- 6 |  7- 9 | 10-12 || total
---------------------------+-------+-------+-------+-------++-------
  Melee: Unarmed           |       |       |    32 |       ||    32
   Fire: Shortbow          |    72 |   113 |   290 |       ||   475
         Orcbow            |       |       |    87 |       ||    87
         Longbow           |       |       |    22 |   149 ||   171
    Use: Scroll            |       |    13 |     2 |       ||    15
         Potion            |       |     2 |     2 |     1 ||     5
   Stab: Invisible         |       |       |     3 |       ||     3
 Armour: Leather armour    |     9 |    31 |    65 |    26 ||   131
         Skin              |       |       |     2 |       ||     2
  Dodge: Dodged            |    15 |    44 |   171 |    96 ||   326
         Repelled          |       |       |     3 |       ||     3

Table legend: (Time is in decaauts)
 A = Elapsed time spent in this place.
 B = Non-inter-level travel time spent in this place.
 C = Inter-level travel time spent in this place.
 D = Time resting spent in this place.
 E = Time spent auto-exploring this place.
 F = Levels seen in this place.
 G = Mean time per level.
                   A        B        C        D        E       F      G
               +--------+--------+--------+--------+--------+-----+--------+
         Total |   9019 |   8639 |    380 |    904 |   5884 |  10 |  901.9 |
       Dungeon |   8956 |   8577 |    379 |    904 |   5884 |   9 |  995.1 |
        Temple |     62 |     62 |      0 |      0 |      0 |   1 |   62.0 |
               +--------+--------+--------+--------+--------+-----+--------+

Top non-repeatable levels by time:
     D:5: 1602 daAuts
     D:7: 1385 daAuts
     D:4: 1199 daAuts
     D:2: 996 daAuts
     D:3: 973 daAuts
     D:1: 923 daAuts
     D:8: 923 daAuts
     D:6: 708 daAuts
     D:9: 244 daAuts
  Temple: 62 daAuts
